 Dungeon Crawl Stone Soup version 0.22-a0-352-gc608dd7 (webtiles) character file.

2013 tilp the Frost Mage (level 9, -8/65 HPs)
             Began as a Merfolk Ice Elementalist on Apr 14, 2018.
             Was an Initiate of Makhleb.
             Mangled by a sixfirhy (10 damage)
             ... summoned by a kobold demonologist
             ... in a bailey.
             The game lasted 00:32:08 (8013 turns).

tilp the Frost Mage (Merfolk Ice Elementalist)      Turns: 8013, Time: 00:32:09

Health: -8/65      AC: 10    Str:  8    XL:     9   Next: 22%
Magic:  4/12       EV: 15    Int: 20    God:    Makhleb [......]
Gold:   73         SH:  0    Dex: 14    Spells: 2/12 levels left

rFire    . . .     SeeInvis .   b - +2 dagger (holy)
rCold    . . .     Gourm    .   (no shield)
rNeg     . . .     Faith    .   t - +0 robe
rPois    .         Spirit   .   w - +1 helmet
rElec    .         Reflect  .   (no cloak)
rCorr    .         Harm     .   (no gloves)
MR       .....                  (no boots)
Stlth    +++.......             m - amulet of rage
HPRegen  0.20/turn              f - +6 ring of protection
MPRegen  0.13/turn              y - +2 ring of intelligence

@: no status effects
A: change form in water, swift swim, stealthy swim
a: Renounce Religion, Evoke Berserk Rage


You were in a bailey.
You worshipped Makhleb.
Makhleb was noncommittal.
You were not hungry.

You visited 2 branches of the dungeon, and saw 8 of its levels.
You also visited: Bailey.

You collected 337 gold pieces.
You spent 264 gold pieces at shops.

Inventory:

Hand Weapons
 a - a +3 short sword of speed
 b - a +2 dagger of holy wrath (weapon)
 h - a cursed +0 trident
 A - a +3 war axe
 B - a +0 halberd
 C - a +0 spear
Missiles
 j - 242 stones
 o - 11 tomahawks
 q - 2 throwing nets
 v - 3 poisoned tomahawks (quivered)
Armour
 t - a +0 robe (worn)
 w - a +1 helmet (worn)
Jewellery
 f - a +6 ring of protection (left hand)
 m - an amulet of rage (around neck)
 y - a +2 ring of intelligence (right hand)
 z - an uncursed ring of stealth
Wands
 u - a wand of polymorph (14)
Scrolls
 d - 2 scrolls of teleportation
 g - a scroll of enchant weapon
 n - a scroll of fear
 p - 6 scrolls of remove curse
 H - a scroll of identify
Potions
 e - 4 potions of curing
 i - 2 potions of flight {unknown}
 k - 2 potions of agility {unknown}
 l - 2 potions of haste
 r - 2 potions of resistance
 s - a potion of lignification
 D - a potion of berserk rage
 E - 2 potions of heal wounds {unknown}
 F - a potion of might
 G - 2 potions of brilliance
Comestibles
 c - 13 rations
 x - 8 chunks of flesh


   Skills:
 - Level 4.2 Fighting
 - Level 6.1 Dodging
 - Level 4.1 Stealth
 - Level 2.0 Spellcasting
 - Level 2.6 Conjurations
 - Level 4.1 Charms
 + Level 9.7 Ice Magic


You had 2 spell levels left.
You knew the following spells:

 Your Spells              Type           Power        Failure   Level  Hunger
a - Freeze                Ice            ####         1%          1    #......
b - Throw Frost           Conj/Ice       ####..       1%          2    ##.....
c - Ozocubu's Armour      Chrm/Ice       ####....     2%          3    ###....
d - Throw Icicle          Conj/Ice       ####....     12%         4    #####..


Dungeon Overview and Level Annotations

Branches:
Dungeon (7/15)             Temple (1/1) D:6

Altars:
Ashenzari
Dithmenos
Elyvilon
Kikubaaqudgha
Makhleb
Nemelex Xobeh
Okawaru
Vehumet

Shops:
D:7 !

Annotations:
D:6 exclusion: statue


Message History

You hit the shadow imp.
The shadow imp convulses.
The shadow imp is moderately wounded.
The quasit misses you. The quasit closely misses you.
The quasit claws you but does no damage.
The kobold demonologist hits you with a war axe!
The crimson imp barely misses you. The shadow imp closely misses you.
Okay, then.
As you read the scroll of fear, it crumbles to dust.
You assume a fearsome visage.
The kobold demonologist looks frightened!
The quasit is unaffected.
The crimson imp is unaffected.
The shadow imp is unaffected.
The sixfirhy is unaffected.
The sixfirhy hits you! The sixfirhy shocks you!
The crimson imp blinks!
The shadow imp closely misses you. The sixfirhy hits you!
The sixfirhy shocks you!
* * * LOW HITPOINT WARNING * * *
The sixfirhy hits you!
* * * LOW HITPOINT WARNING * * *
The sixfirhy shocks you!
You die...

≈≈≈≈≈≈≈≈≈.).≈≈≈≈≈≈≈≈≈≈≈≈≈≈≈≈
≈≈≈≈≈≈≈≈≈..)≈≈≈≈≈≈≈≈≈≈≈≈≈≈≈≈
≈≈≈≈≈≈≈≈≈...≈≈≈≈≈≈≈≈≈≈≈≈≈≈≈≈
≈≈≈≈≈≈.5)..(...≈≈≈≈≈≈≈≈≈≈≈≈≈
#######.......##############
#.......# #.......#
#...∩K..# #...5@§.#
###.3.### #.5.# #####


You could see a kobold demonologist (fleeing), a sixfirhy, a quasit, a crimson
imp and a shadow imp.

Vanquished Creatures
  A kobold demonologist (Bailey)
  2 orc warriors (Bailey)
  2 ice beasts
  A phantom (D:5)
  A black bear (D:6)
  An ogre (D:5)
  2 bullfrogs (D:6)
  2 scorpions (D:5)
  A killer bee (D:6)
  4 howler monkeys
  2 crimson imps (D:6)
  A jelly (D:6)
  A centaur zombie (D:6)
  3 orc priests
  A hound (D:5)
  4 orc wizards
  A centaur skeleton (D:6)
  2 iguanas
  2 worker ants (D:6)
  A worker ant zombie (D:5)
  3 adders
  4 gnolls (D:5)
  A shadow imp (D:5)
  An ooze (D:4)
  2 adder skeletons (D:6)
  A worm (D:4)
  3 leopard geckos
  31 orcs
  4 giant cockroaches
  4 goblins
  9 hobgoblins
  8 jackals
  13 kobolds
  2 quokkas
  A ball python (D:1)
  A ball python skeleton (D:2)
  6 bats
  9 frilled lizards
  A leopard gecko skeleton (D:6)
  A leopard gecko zombie (D:5)
  9 rats
149 creatures vanquished.

Vanquished Creatures (others)
  A quokka (D:6)
1 creature vanquished.

Grand Total: 150 creatures vanquished

Notes
Turn   | Place    | Note
-------+----------+-------------------------------------------
     0 | D:1      | tilp the Merfolk Ice Elementalist began the quest for the Orb.
     0 | D:1      | Reached XP level 1. HP: 13/13 MP: 3/3
   327 | D:1      | Reached XP level 2. HP: 19/19 MP: 3/5
   455 | D:1      | Reached skill level 4 in Ice Magic
   957 | D:1      | Reached XP level 3. HP: 24/24 MP: 3/6
   961 | D:1      | Learned a level 2 spell: Throw Frost
   965 | D:1      | Learned a level 3 spell: Ozocubu's Armour
  1722 | D:2      | Reached skill level 5 in Ice Magic
  2103 | D:3      | Reached XP level 4. HP: 30/30 MP: 5/7
  3055 | D:4      | Reached skill level 6 in Ice Magic
  3224 | D:4      | Found an iron altar of Okawaru.
  3281 | D:4      | Reached XP level 5. HP: 17/35 MP: 0/8
  3284 | D:4      | HP: 1/35 [orc priest/nerve-wracking pain (14)]
  3674 | D:4      | Reached skill level 7 in Ice Magic
  3680 | D:4      | Got an ichor-stained great sword {slice}
  3684 | D:4      | Identified the cursed +1 great sword of Collusion {slice, Str-4 Int+3} (You took it off an orc on level 4 of the Dungeon)
  3764 | D:4      | Reached skill level 1 in Fighting
  3764 | D:4      | Reached XP level 6. HP: 38/44 MP: 7/9
  4319 | D:5      | Entered Level 5 of the Dungeon
  4766 | D:5      | Reached XP level 7. HP: 45/54 MP: 4/10
  5379 | D:5      | Found a shadowy altar of Dithmenos.
  5403 | D:5      | Reached skill level 5 in Dodging
  6033 | D:6      | Found a radiant altar of Vehumet.
  6067 | D:6      | Reached skill level 1 in Charms
  6067 | D:6      | Reached XP level 8. HP: 52/60 MP: 6/11
  6299 | D:6      | Found an ancient bone altar of Kikubaaqudgha.
  6376 | D:6      | Learned a level 4 spell: Throw Icicle
  6483 | D:6      | Reached skill level 1 in Conjurations
  6532 | D:6      | Found a staircase to the Ecumenical Temple.
  6536 | Temple   | Entered the Ecumenical Temple
  6568 | Temple   | Became a worshipper of Makhleb the Destroyer
  6971 | D:6      | Found a white marble altar of Elyvilon.
  7570 | D:7      | Found Weupsas's Distillery.
  7573 | D:7      | Bought a potion of lignification for 33 gold pieces
  7573 | D:7      | Bought a potion of berserk rage for 55 gold pieces
  7573 | D:7      | Bought a potion of might for 44 gold pieces
  7573 | D:7      | Bought a potion of degeneration for 11 gold pieces
  7573 | D:7      | Bought 2 potions of brilliance for 88 gold pieces
  7573 | D:7      | Bought a potion of curing for 33 gold pieces
  7676 | D:7      | Reached skill level 8 in Ice Magic
  7701 | D:7      | Found a sparkling altar of Nemelex Xobeh.
  7718 | D:7      | Found a flagged portal.
  7763 | Bailey   | Entered a bailey
  7833 | Bailey   | Reached XP level 9. HP: 65/65 MP: 1/12
  7835 | Bailey   | Reached skill level 9 in Ice Magic
  7840 | Bailey   | Reached * piety under Makhleb
  7940 | Bailey   | Found an iron altar of Okawaru.
  7940 | Bailey   | Noticed a kobold demonologist
  7940 | Bailey   | Noticed a kobold demonologist
  7964 | Bailey   | Killed a kobold demonologist
  8011 | Bailey   | Noticed a sixfirhy
  8013 | Bailey   | HP: 2/65 [sixfirhy[a kobold demonologist] (8)]
  8013 | Bailey   | Mangled by a sixfirhy

Vault maps used:
D:1:      eino_arrival_cavern_b, st_stairs_12
D:3:      first_ration
D:4:      lemuel_doored_altar
D:5:      nicolae_dithmenos_shadow_blocks
D:6:      kennysheep_mini, elyvilon_altar_4, vehumet_statue,
          minmay_temple_entry_grid
D:7:      nemelex_xobeh_ov_fountains_minmay, enter_bailey_2, serial_shops, shop,
          nrook_loot_triangle, minmay_strange_pillars, uniq_duvessa, uniq_joseph
Temple:   minmay_temple_curvy_branch
Bailey:   bailey_axe_of_yendor_kennysheep, bailey

Skill      XL: |  1  2  3  4  5  6  7  8  9 |
---------------+----------------------------+-----
Ice Magic      | 4 5 6 7 8 9 |  9.7
Fighting       | 1 4 |  4.2
Dodging        | 3 6 |  6.1
Stealth        | 4 |  4.1
Charms         | 1 4 |  4.1
Conjurations   | 2 |  2.6
Spellcasting   | |  2.0

Action                   |  1- 3 |  4- 6 |  7- 9 || total
-------------------------+-------+-------+-------++-------
Melee: Whip              |     6 |       |       ||     6
       Dagger            |    18 |     2 |    65 ||    85
       Short sword       |       |    85 |    97 ||   182
       Tailslap          |       |       |     2 ||     2
Throw: Stone             |     2 |     1 |       ||     3
       Tomahawk          |       |    34 |    48 ||    82
 Cast: Freeze            |    64 |    37 |    52 ||   153
       Ozocubu's Armour  |     2 |    12 |    24 ||    38
       Throw Frost       |       |    10 |    20 ||    30
  Use: Scroll            |     6 |     5 |     2 ||    13
       Potion            |       |     4 |     1 ||     5
 Stab: Sleeping          |     4 |     4 |     1 ||     9
  Eat: Chunk             |     5 |    11 |    12 ||    28
       Ration            |       |       |     1 ||     1
Armor: Robe              |    11 |    15 |    62 ||    88
Dodge: Dodged            |    53 |    60 |   150 ||   263

Table legend:
 A = Spawn XP
 B = Non-spawn XP
 C = Spawn XP percentage of total XP
 D = Spawn monster count
 E = Non-spawn monster count
 F = Spawn count percentage of total count
 G = Total turns spent on level
                    A         B        C        D         E        F      G
               +---------+---------+-------+---------+---------+-------+---------
         Total |       0 |    2876 |   0.0 |       0 |     149 |   0.0 |  8013
               +---------+---------+-------+---------+---------+-------+---------
           D:1 |       0 |      46 |   0.0 |       0 |      29 |   0.0 |  1357
           D:2 |       0 |      21 |   0.0 |       0 |      15 |   0.0 |   535
           D:3 |       0 |      75 |   0.0 |       0 |      29 |   0.0 |  1237
           D:4 |       0 |     217 |   0.0 |       0 |      13 |   0.0 |  1190
           D:5 |       0 |     831 |   0.0 |       0 |      30 |   0.0 |  1674
           D:6 |       0 |     913 |   0.0 |       0 |      21 |   0.0 |  1547
           D:7 |       0 |     114 |   0.0 |       0 |       5 |   0.0 |   165
        Bailey |       0 |     659 |   0.0 |       0 |       7 |   0.0 |   250
               +---------+---------+-------+---------+---------+-------+---------
